 Dungeon Crawl Stone Soup version 0.22-a0-282-gdd34a7d (webtiles) character file.

1193 Amnesiac the Thaumaturge (level 8, -1/48 HPs)
             Began as a Deep Elf Wizard on Mar 17, 2018.
             Was a Follower of Sif Muna.
             Slain by a worker ant (7 damage)
             ... on level 4 of the Dungeon.
             The game lasted 00:10:58 (5306 turns).

Amnesiac the Thaumaturge (Deep Elf Wizard)          Turns: 5306, Time: 00:10:58

Health: -1/48      AC:  2    Str:  4    XL:     8   Next: 20%
Magic:  4/22       EV: 14    Int: 26    God:    Sif Muna [*.....]
Gold:   195        SH:  0    Dex: 13    Spells: 12/23 levels left

rFire    + . .     SeeInvis .   h - +0 hunting sling
rCold    + . .     Gourm    .   (no shield)
rNeg     . . .     Faith    .   o - +0 robe (curse)
rPois    .         Spirit   .   b - +0 hat
rElec    .         Reflect  .   j - scarf {rC+ rF+}
rCorr    .         Harm     .   (no gloves)
MR       .....                  (no boots)
Stlth    ++........             (no amulet)
HPRegen  0.16/turn              (no ring)
MPRegen  0.18/turn              (no ring)

@: lethally poisoned (-1 -> -12), divine energy
A: no striking features
a: Stop Divine Energy, Renounce Religion


You were on level 4 of the Dungeon.
You worshipped Sif Muna.
Sif Muna was aware of your devotion.
You were not hungry.

You visited 2 branches of the dungeon, and saw 6 of its levels.

You collected 195 gold pieces.

Inventory:

Hand Weapons
 h - a +0 hunting sling (weapon)
Missiles
 g - 135 stones (quivered)
 p - 35 poisoned needles
Armour
 a - a +0 robe
 b - a +0 hat (worn)
 j - a scarf of resistance (worn)
 o - a cursed +0 robe (worn)
 z - the +1 robe "Esmoezost" {Int+2 Dex+3, unknown}
   (You found it on level 4 of the Dungeon)

   It affects your intelligence (+2).
   It affects your dexterity (+3).
Wands
 w - a wand of random effects (26)
Scrolls
 c - 2 scrolls of remove curse {!r, unknown}
 e - 3 scrolls of identify {!r, unknown}
 k - a scroll of amnesia {!r, unknown}
 m - a scroll of fear {!r, unknown}
 n - 3 scrolls of random uselessness {!r, unknown}
 r - a scroll of fog {!r, unknown}
 s - 2 scrolls of enchant armour {!r, unknown}
 v - a scroll of blinking {!r, unknown}
 x - a scroll of noise {!r, unknown}
 y - a scroll of immolation {!r, unknown}
Potions
 f - a potion of haste {!q, unknown}
 i - a potion of flight {!q, unknown}
 l - a potion of lignification {!q, unknown}
 t - a potion of agility {!q}
 u - 2 potions of heal wounds {!q}
Comestibles
 d - 11 rations


   Skills:
 - Level 4.4 Fighting
 - Level 4.3 Dodging
 - Level 2.4 Stealth
 + Level 8.4 Spellcasting
 - Level 5.5 Conjurations
 - Level 1.1 Summonings
 - Level 1.1 Translocations


You had 12 spell levels left.
You knew the following spells:

 Your Spells              Type           Power        Failure   Level  Hunger
a - Magic Dart            Conj           ####         1%          1    None
b - Call Imp              Summ           ###.....     5%          2    None
e - Mephitic Cloud        Conj/Pois/Air  ###.....     8%          3    None
s - Conjure Flame         Conj/Fire      ####....     4%          3    None
v - Blink                 Tloc           N/A          5%          2    None


Dungeon Overview and Level Annotations

Branches:
Dungeon (5/15)             Temple (1/1) D:4

Altars:
Ashenzari
Cheibriados
Dithmenos
Elyvilon
Fedhas
Gozag
Hepliaklqana
Kikubaaqudgha
Makhleb
Nemelex Xobeh
Okawaru
Qazlal
Ru
Sif Muna
Trog
Vehumet
Wu Jian
Xom
Yredelemnul
Zin
The Shining One

Annotations:
D:5 Edmund


Message History

Confirm with . or Enter, or press ? or * to list all spells.
A beastly little devil appears in a puff of flame.
The worker ant barely misses you.
Casting: Call Imp (safe; 5% risk of failure)
Confirm with . or Enter, or press ? or * to list all spells.
Aiming: Magic Dart (safe; 1% risk of failure)
Press: ? - help, Shift-Dir - straight line, f - worker ant
Aim: a worker ant The magic dart hits the worker ant.
You feel sick. The worker ant bites you!
You are more poisoned.
The worker ant poisons you!
Your crimson imp blinks!
Casting: Magic Dart (safe; 1% risk of failure)
Confirm with . or Enter, or press ? or * to list all spells.
Aiming: Magic Dart (safe; 1% risk of failure)
Press: ? - help, Shift-Dir - straight line, f/p - worker ant
Aim: a worker ant The magic dart hits the worker ant.
The worker ant is moderately wounded.
You feel sick. The worker ant bites you!
* * * LOW HITPOINT WARNING * * *
You are more poisoned.
The worker ant poisons you! The worker ant bites you.
* * * LOW HITPOINT WARNING * * *
Casting: Magic Dart (safe; 1% risk of failure)
Confirm with . or Enter, or press ? or * to list all spells.
Aiming: Magic Dart (safe; 1% risk of failure)
Press: ? - help, Shift-Dir - straight line, f/p - worker ant
Aim: a worker ant (moderately wounded)
The magic dart hits the worker ant.
The worker ant is heavily wounded.
* * * LOW HITPOINT WARNING * * *
You feel sick. The worker ant misses you.
Casting: Magic Dart (safe; 1% risk of failure)
Confirm with . or Enter, or press ? or * to list all spells.
Aiming: Magic Dart (safe; 1% risk of failure)
Press: ? - help, Shift-Dir - straight line, f/p - worker ant
Aim: a worker ant (heavily wounded)
The magic dart hits the worker ant.
The worker ant is severely wounded.
* * * LOW HITPOINT WARNING * * *
You feel sick. The worker ant bites you.
* * * LOW HITPOINT WARNING * * *
Your crimson imp blinks!
Casting: Magic Dart (safe; 1% risk of failure)
Confirm with . or Enter, or press ? or * to list all spells.
Aiming: Magic Dart (safe; 1% risk of failure)
Press: ? - help, Shift-Dir - straight line, f/p - worker ant
Aim: a worker ant (severely wounded)
The magic dart hits the worker ant.
The worker ant is severely wounded.
* * * LOW HITPOINT WARNING * * *
You feel sick.
The worker ant bites you but does no damage.
Casting: Magic Dart (safe; 1% risk of failure)
Confirm with . or Enter, or press ? or * to list all spells.
Aiming: Magic Dart (safe; 1% risk of failure)
Press: ? - help, Shift-Dir - straight line, f/p - worker ant
Aim: a worker ant (severely wounded)
The magic dart hits the worker ant.
The worker ant is severely wounded.
* * * LOW HITPOINT WARNING * * *
You feel sick. The worker ant bites you!
You die...

#.# #.# ######.###### #.# #.#
#.# #.# #.# #.# ####.#####
#.#########.# .........#
#........##.# ##.#.###.#
########.##.# #.#.###.## #.##.#
#...##...## ######.##.#
#..##.....###..@......#
##.............a.....#.#
.....#.....###.....).#.#
..........###...###....#
##...###.###...5.##..).##
#......................#########
##..............................
##.########...#........########
#.#########.####...##.#


You could see a worker ant and a friendly crimson imp.

Vanquished Creatures
  Grinder (D:4)
  Eustachio (D:4)
  Sigmund (D:3)
  A phantom (D:4)
  2 ogres
  A centaur zombie (D:5)
  A hound (D:4)
  2 bullfrog skeletons (D:4)
  An orc wizard (D:4)
  4 worker ants
  A hound skeleton (D:3)
  4 gnolls (D:2)
  4 adders
  An ooze (D:1)
  2 dart slugs
  4 leopard geckos (D:3)
  14 orcs
  9 bats
  5 giant cockroaches
  13 goblins
  7 hobgoblins
  7 jackals
  5 kobolds
  A quokka (D:2)
  3 ball pythons
  6 frilled lizards
  3 jackal skeletons
  7 rats
111 creatures vanquished.

Notes
Turn   | Place    | Note
-------+----------+-------------------------------------------
     0 | D:1      | Amnesiac the Deep Elf Wizard began the quest for the Orb.
     0 | D:1      | Reached XP level 1. HP: 10/10 MP: 7/7
   293 | D:1      | Reached XP level 2. HP: 16/16 MP: 9/9
   297 | D:1      | Learned a level 2 spell: Blink
   300 | D:1      | Learned a level 2 spell: Call Imp
   308 | D:1      | Reached skill level 1 in Fighting
  1081 | D:1      | Reached XP level 3. HP: 21/21 MP: 9/11
  1086 | D:1      | Learned a level 3 spell: Conjure Flame
  1090 | D:1      | Learned a level 3 spell: Mephitic Cloud
  1837 | D:2      | Reached XP level 4. HP: 27/27 MP: 5/12
  2612 | D:3      | Reached XP level 5. HP: 18/32 MP: 0/13
  2919 | D:3      | Noticed Sigmund
  2958 | D:3      | Killed Sigmund
  2958 | D:3      | Reached XP level 6. HP: 27/38 MP: 2/14
  3277 | D:3      | Found a faded altar of an unknown god.
  3390 | D:4      | Noticed Grinder
  3976 | D:4      | Found a staircase to the Ecumenical Temple.
  3981 | D:4      | Reached XP level 7. HP: 44/44 MP: 9/15
  3990 | Temple   | Entered the Ecumenical Temple
  4128 | Temple   | Became a worshipper of Sif Muna the Loreminder
  4305 | D:4      | Reached skill level 5 in Spellcasting
  4471 | D:4      | Killed Grinder
  4471 | D:4      | Reached skill level 6 in Spellcasting
  4553 | D:4      | Reached skill level 7 in Spellcasting
  4689 | D:4      | Got a transparent robe
  4840 | D:5      | Entered Level 5 of the Dungeon
  4840 | D:5      | Found an iron altar of Okawaru.
  4848 | D:5      | Noticed Eustachio
  4971 | D:4      | Killed Eustachio
  4971 | D:4      | Reached skill level 5 in Conjurations
  4971 | D:4      | Reached XP level 8. HP: 33/48 MP: 7/21
  5042 | D:5      | Noticed Edmund
  5042 | D:5      | Reached * piety under Sif Muna
  5291 | D:4      | Reached skill level 8 in Spellcasting
  5306 | D:4      | Slain by a worker ant

Vault maps used:
D:1:      dpeg_arrival_pond
D:2:      serial_bayou, serial_bayou_lake_a, serial_bayou_crossing,
          serial_bayou_pond_e, serial_bayou_pond_b, glass_columns_a
D:3:      first_ration, chequers_ecumenical_altar_simple_redux, uniq_sigmund
D:4:      minmay_temple_entry_purple_smoke, minmay_misc_feat_square,
          uniq_grinder
D:5:      basic_altar, makhleb_blood_cavern_becter, uniq_edmund,
          uniq_prince_ribbit1, uniq_pikel, uniq_eustachio,
          uniq_crazy_yiuf_cottage
Temple:   regret_index_temple_chain_breaker

Skill      XL: |  1  2  3  4  5  6  7  8 |
---------------+-------------------------+-----
Fighting       | 1 2 3 4 |  4.4
Conjurations   | 2 3 4 5 |  5.5
Dodging        | 3 4 |  4.3
Spellcasting   | 7 8 |  8.4
Stealth        | |  2.4
Summonings     | |  1.1
Translocations | |  1.1

Action                   |  1- 3 |  4- 6 |  7- 9 || total
-------------------------+-------+-------+-------++-------
Melee: Unarmed           |     2 |       |       ||     2
       Hunting sling     |       |     1 |     1 ||     2
 Fire: Hunting sling     |    28 |   126 |    40 ||   194
 Cast: Magic Dart        |    81 |   102 |    76 ||   259
       Mephitic Cloud    |       |     4 |     7 ||    11
       Conjure Flame     |       |     8 |     5 ||    13
       Call Imp          |       |     2 |     1 ||     3
       Blink             |       |       |     2 ||     2
Invok: Divine Energy     |       |       |     1 ||     1
  Eat: Chunk             |     3 |     7 |     4 ||    14
Armor: Robe              |     6 |     4 |     3 ||    13
Dodge: Dodged            |    24 |    60 |    32 ||   116

Table legend:
 A = Spawn XP
 B = Non-spawn XP
 C = Spawn XP percentage of total XP
 D = Spawn monster count
 E = Non-spawn monster count
 F = Spawn count percentage of total count
 G = Total turns spent on level
                    A         B        C        D         E        F      G
               +---------+---------+-------+---------+---------+-------+---------
         Total |       0 |    1705 |   0.0 |       0 |     111 |   0.0 |  5306
               +---------+---------+-------+---------+---------+-------+---------
           D:1 |       0 |      41 |   0.0 |       0 |      22 |   0.0 |  1392
           D:2 |       0 |     106 |   0.0 |       0 |      26 |   0.0 |  1028
           D:3 |       0 |     408 |   0.0 |       0 |      30 |   0.0 |  1195
           D:4 |       0 |    1052 |   0.0 |       0 |      25 |   0.0 |  1480
           D:5 |       0 |      98 |   0.0 |       0 |       8 |   0.0 |    55
               +---------+---------+-------+---------+---------+-------+---------
